 Dungeon Crawl Stone Soup version 0.25-a0-294-gea9b1ad378 (webtiles) character file.

Game seed: 6442172232594647169, levelgen mode: classic

3470 Borgoz the Protected (level 10, -3/58 HPs)
             Began as a Gargoyle Berserker on Dec 19, 2019.
             Was an Elder of Trog.
             Splashed by Maurice's acid (15 damage)
             ... on level 8 of the Dungeon.
             The game lasted 00:11:29 (7977 turns).

Borgoz the Protected (Gargoyle Berserker)           Turns: 7977, Time: 00:11:31

Health: -3/58      AC: 18    Str: 23    XL:     10   Next: 6%
Magic:  10/10      EV: 11    Int:  8    God:    Trog [****..]
Gold:   389        SH:  0    Dex: 12    Spells: 9/9 levels left

rFire    . . .     SeeInvis .   a - +0 falchion
rCold    . . .     Gourm    .   (no shield)
rNeg     + . .     Faith    .   C - +0 chain mail {MR+}
rPois    ∞         Spirit   .   d - +0 helmet
rElec    +         Reflect  .   u - +0 cloak
rCorr    .         Harm     .   o - +0 pair of gloves
MR       +....                  (no boots)
Stlth    ..........             (no amulet)
HPRegen  0.19/turn              g - +2 ring of strength
MPRegen  0.12/turn              (no ring)

@: corroded, berserk cooldown, slowed, very slow
A: negative energy resistance 1, electricity resistance, unbreathing,
petrification resistance, rot immunity, AC +7
a: Berserk, Trog's Hand, Brothers in Arms, Renounce Religion


You were on level 8 of the Dungeon.
You worshipped Trog.
Trog was greatly pleased with you.
You were near starving.

You visited 1 branch of the dungeon, and saw 8 of its levels.
You also visited: Sewer.

You collected 389 gold pieces.

Inventory:

Hand Weapons
 a - a +0 falchion (weapon)
Armour
 d - a +0 helmet (worn)
 o - a +0 pair of gloves (worn)
 u - a +0 cloak (worn)
 C - a +0 chain mail of magic resistance (worn)
Jewellery
 g - a +2 ring of strength (left hand)
 s - an uncursed ring of flight
 t - an uncursed ring of fire
Wands
 q - a wand of acid (14)
 r - a wand of flame (15)
 y - a wand of enslavement (11)
Scrolls
 f - a scroll of amnesia {unknown}
 h - 2 scrolls of teleportation
 i - 3 scrolls of blinking
 l - 3 scrolls of fog {unknown}
 p - 4 scrolls of remove curse
 x - a scroll of enchant armour {unknown}
 D - a scroll of noise {unknown}
Potions
 e - a potion of brilliance
 j - 5 potions of curing
 k - a potion of magic {unknown}
 m - a potion of heal wounds {unknown}
 n - a potion of lignification {unknown}
 w - 2 potions of resistance
 z - 2 potions of agility
 A - 2 potions of degeneration {unknown}
 B - a potion of might {unknown}
Comestibles
 c - 8 rations


   Skills:
 + Level 4.4 Fighting
 * Level 8.0 Long Blades
 + Level 8.9 Armour
 + Level 6.7 Dodging


You had 9 spell levels left.
You didn't know any spells.
Your spell library was empty.

Dungeon Overview and Level Annotations

Branches:
Dungeon (8/15)             Temple (0/1) D:4           Sewer (visited)
   Lair: D:8-11

Altars:
Dithmenos
Elyvilon
Fedhas
Makhleb
Nemelex Xobeh
Okawaru
Trog
Vehumet
Wu Jian
Xom
Zin

Shops:
D:5 *

Annotations:
D:8 Maurice


Innate Abilities, Weirdness & Mutations

You are resistant to torment.
Your stone body is resilient. (AC +7)
You are immune to poison.
You resist negative energy. (rN+)
You are resistant to electric shocks. (rElec)
You can survive without breathing.
You are immune to petrification.
You are immune to rotting.


Message History

You are no longer berserk.
You are exhausted.
You feel yourself slow down.
No target in view!
You miss something. Something hits you but does no damage.
You hit something but do no damage.
You hear a zap.
A bolt of acid appears from out of thin air!
The bolt of acid hits you!
You are splashed with acid!
Something hits you but does no damage.
You hit something. Something hits you.
Something steals your 2 potions of flight!
You completely miss something. Something completely misses you.
You miss something.
You hear a zap.
A bolt of acid appears from out of thin air!
The bolt of acid hits you!
* * * LOW HITPOINT WARNING * * *
The acid corrodes you!
You are splashed with acid!
You die...

# #####.###
###).......
#!)@)......
#.#{.......
#.#........
#<#........
#.#........
#.#........
#.#........
#.#........
#.#


There were no monsters in sight!

Vanquished Creatures
  Pikel (D:6)
  A hornet (D:7)
  Eustachio (D:6)
  A water moccasin (D:5)
  2 orc warriors
  2 sky beasts
  A phantom (D:5)
  An ice beast (D:5)
  4 slaves (D:6)
  5 ogres
  3 centaurs
  2 big kobolds
  3 bullfrogs
  4 howler monkeys
  A bullfrog zombie (D:5)
  A crimson imp (D:5)
  2 hounds (D:7)
  2 jellies
  A quasit (D:4)
  2 bullfrog skeletons
  An orc priest (D:4)
  3 orc wizards
  A centaur skeleton (D:6)
  3 iguanas
  8 worker ants
  A mummy (D:6)
  A howler monkey skeleton (D:4)
  8 adders
  A river rat (Sewer)
  3 shadow imps
  3 adder skeletons
  4 worms
  3 dart slugs
  3 leopard geckos
  19 orcs
  10 bats
  2 giant cockroaches
  5 goblins
  5 hobgoblins
  8 jackals
  A quokka (D:4)
  A ball python (D:3)
  A ball python skeleton (D:4)
  3 frilled lizards
  2 hobgoblin zombies (D:6)
  A jackal skeleton (D:5)
  15 kobolds
  A kobold zombie (D:6)
  An orc zombie (D:6)
  8 rats
166 creatures vanquished.

Notes
Turn   | Place    | Note
-------+----------+-------------------------------------------
     0 | D:1      | Borgoz the Gargoyle Berserker began the quest for the Orb.
     0 | D:1      | Reached XP level 1. HP: 14/14 MP: 1/1
   218 | D:1      | Reached XP level 2. HP: 19/19 MP: 2/2
   566 | D:1      | Found a burning altar of Makhleb.
   576 | D:1      | Found a shimmering altar of Xom.
   576 | D:1      | Found a bloodstained altar of Trog.
   580 | D:1      | Found a radiant altar of Vehumet.
   580 | D:1      | Found a shadowy altar of Dithmenos.
   580 | D:1      | Found a shimmering altar of Xom.
   862 | D:2      | Reached XP level 3. HP: 23/23 MP: 3/3
   876 | D:2      | Reached ** piety under Trog
  1649 | D:3      | Found a faded altar of an unknown god.
  1660 | D:3      | Reached XP level 4. HP: 21/28 MP: 4/4
  1888 | D:3      | Found a glowing silver altar of Zin.
  1888 | D:3      | Noticed an angel
  2293 | D:3      | Found an iron altar of Okawaru.
  2564 | D:3      | Found an ornate altar of the Wu Jian Council.
  2690 | D:3      | Found a radiant altar of Vehumet.
  2835 | D:4      | Reached XP level 5. HP: 19/32 MP: 5/5
  3316 | D:4      | Reached XP level 6. HP: 30/37 MP: 6/6
  3835 | D:4      | Reached XP level 7. HP: 41/41 MP: 7/7
  3850 | D:4      | Found a white marble altar of Elyvilon.
  3877 | D:4      | Reached *** piety under Trog
  3877 | D:4      | Reached skill level 5 in Armour
  4059 | D:4      | Found a staircase to the Ecumenical Temple.
  4264 | D:5      | Entered Level 5 of the Dungeon
  4264 | D:5      | Found a shadowy altar of Dithmenos.
  4506 | D:5      | Reached skill level 5 in Long Blades
  4521 | D:5      | Found Odder's General Store.
  4840 | D:5      | Found a blossoming altar of Fedhas.
  4919 | D:5      | Reached XP level 8. HP: 39/46 MP: 8/8
  5667 | D:6      | Reached skill level 5 in Dodging
  5958 | D:6      | Found a glowing drain.
  5962 | Sewer    | Entered a sewer
  6049 | Sewer    | Reached XP level 9. HP: 51/51 MP: 9/9
  6068 | Sewer    | Found a white marble altar of Elyvilon.
  6277 | D:6      | Noticed Eustachio
  6302 | D:6      | Killed Eustachio
  6420 | D:6      | Found a sparkling altar of Nemelex Xobeh.
  6428 | D:6      | Noticed Pikel
  6815 | D:6      | Killed Pikel
  7250 | D:7      | Noticed a hornet
  7260 | D:7      | Killed a hornet
  7520 | D:7      | Reached **** piety under Trog
  7662 | D:7      | Reached XP level 10. HP: 47/57 MP: 10/10
  7952 | D:8      | Noticed Maurice
  7977 | D:8      | Splashed by Maurice's acid

Levels and vault maps discovered:
D:1:      ebering_trefoil_twist, layout_basic, minmay_hedge_maze,
          minmay_misc_feat_doors, minmay_misc_feat_chi, doesnt_xom_only_xom
D:2:      layout_basic, minmay_ruptured
D:3:      layout_loops_ring, lemuel_doored_altar, zin_angel, lemuel_round_altar,
          chequers_ecumenical_altar_simple, grunt_ministairs_3,
          okawaru_metal_pillars_1_2
D:4:      layout_basic, old_standard_altar, minmay_temple_entry_large_hall,
          grunt_ministairs_1
D:5:      layout_cave_pools, fedhas_altar_2, serial_shops, nicolae_shop_stone,
          first_ration, basic_altar
D:6:      layout_loops_cross, nemelex_xobeh_ov_fountains_minmay,
          gup_sewer_entry_spiral, minmay_mini_ossuary, uniq_pikel,
          uniq_eustachio
D:7:      layout_cave_pools
D:8:      layout_loops_ring, lair_entry_dummy, grunt_ministairs_15, the_bakery,
          uniq_joseph, uniq_maurice

Skill      XL: |  1  2  3  4  5  6  7  8  9 10 |
---------------+-------------------------------+-----
Long Blades    | 3 4 5 6 7 8 |  8.0
Dodging        | 2 3 4 5 6 |  6.7
Armour         | 3 4 6 7 8 |  8.9
Fighting       | 4 |  4.4

Action                   |  1- 3 |  4- 6 |  7- 9 | 10-12 || total
-------------------------+-------+-------+-------+-------++-------
Melee: Falchion          |   104 |   181 |   681 |    35 ||  1001
Invok: Berserk           |       |     5 |    10 |     1 ||    16
       Trog's Hand       |       |     1 |       |       ||     1
  Use: Scroll            |       |       |    14 |       ||    14
       Potion            |       |       |     3 |       ||     3
 Stab: Distracted        |       |       |     1 |       ||     1
  Eat: Chunk             |     2 |     4 |    15 |       ||    21
       Ration            |       |     2 |     3 |       ||     5
Armor: Animal skin       |    62 |    31 |       |       ||    93
       Ring mail         |       |    40 |   154 |       ||   194
       Chain mail        |       |       |   261 |    27 ||   288
Dodge: Dodged            |    91 |   138 |   414 |    23 ||   666
       Rpst.: Falchion   |    26 |    47 |   115 |     4 ||   192

Table legend:
 A = Non-vault XP
 B = Vault XP
 C = Vault XP percentage of total XP
 D = Non-vault monster count
 E = Vault monster count
 F = Vault count percentage of total count
                 A         B        C        D         E       F
            +---------+---------+-------+---------+---------+-------
      Total |    3941 |    1017 |  20.5 |     137 |      25 |  15.4
            +---------+---------+-------+---------+---------+-------
        D:1 |      33 |       0 |   0.0 |      19 |       0 |   0.0
        D:2 |      39 |       6 |  13.3 |      14 |       3 |  17.6
        D:3 |      65 |       2 |   3.0 |      19 |       2 |   9.5
        D:4 |     619 |      15 |   2.4 |      30 |       1 |   3.2
        D:5 |     868 |       0 |   0.0 |      12 |       0 |   0.0
        D:6 |     906 |     881 |  49.3 |      16 |      11 |  40.7
        D:7 |    1263 |       0 |   0.0 |      21 |       0 |   0.0
        D:8 |     148 |       0 |   0.0 |       6 |       0 |   0.0
      Sewer |       0 |     113 | 100.0 |       0 |       8 | 100.0
            +---------+---------+-------+---------+---------+-------
